 Dungeon Crawl Stone Soup version 0.29-a0-234-g0dae59b3db (webtiles) character file.

Game seed: 11071845656322183906

30635 jlumianski the Cleaver (level 13, 0/98 HPs)
             Began as a Demonspawn Gladiator on Mar 2, 2022.
             Was the Champion of Okawaru.
             Shot with an arrow by a centaur warrior (20 damage)
             ... on level 1 of the Orcish Mines on Mar 3, 2022.
             The game lasted 01:32:13 (14431 turns).

jlumianski the Cleaver (Demonspawn Gladiator)      Turns: 14431, Time: 01:32:13

Health: 0/98       AC: 24    Str: 23    XL:     13   Next: 21%
Magic:  22/22      EV: 11    Int: 14    God:    Okawaru [******]
Gold:   288        SH: 11    Dex: 21    Spells: 12/12 levels left

rFire   . . .      SeeInvis .   Z - +4 broad axe (flame)
rCold   . . .      Faith    +   A - +0 kite shield "Dyutoer" {rElec Regen+ Str-5 Dex+7}
rNeg    . . .      Spirit   .   c - +4 plate armour of Yhoixi {Will+ Str+2}
rPois   .          Reflect  .   (helmet restricted)
rElec   +          Harm     .   g - +1 cloak {Stlth+}
rCorr   .          Rampage  .   K - +2 pair of gloves
Will    +....                   E - +0 pair of boots "Icki" {+Blink Int+4 Slay+3}
Stlth   ..........              e - amulet of faith
HPRegen 1.06/turn               p - +6 ring of strength
MPRegen 0.18/turn               S - +4 ring of evasion

@: no status effects
A: foul stench 1, powered by pain 1, sharp scales 1, corrupting presence 1,
demonic touch 2, antennae 1, wild magic 1, no potion heal 1
a: Renounce Religion, Evoke Blink, Heroism, Finesse, Duel


You were on level 1 of the Orcish Mines.
You worshipped Okawaru.
Okawaru was exalted by your worship.
You visited 3 branches of the dungeon, and saw 16 of its levels.
You also visited: Ossuary.

You collected 1510 gold pieces.
You spent 1222 gold pieces at shops.

Inventory:

Hand Weapons
 h - a +1 vorpal broad axe
 n - the +5 scythe "Finisher" {speed, eviscerate}
   (You found it on level 12 of the Dungeon)

   Attacks with this weapon are significantly faster.
   It may eviscerate those it strikes, slaying them instantly, with a decreasing
   chance against stronger foes.
 X - a +4 mace of draining
 Z - a +4 broad axe of flaming (weapon)
Missiles
 a - 4 datura-tipped darts
 d - 7 throwing nets
 f - 8 boomerangs (quivered)
 I - 20 javelins
Armour
 c - the +4 plate armour of Yhoixi (worn) {Will+ Str+2}
   (Okawaru gifted it to you on level 13 of the Dungeon)

   Str:       It affects your strength (+2).
   Will:      It increases your willpower.
 g - a +1 cloak of stealth (worn)
 A - the +0 kite shield "Dyutoer" (worn) {rElec Regen+ Str-5 Dex+7}
   (You bought it in a shop on level 4 of the Dungeon)

   Str:       It affects your strength (-5).
   Dex:       It affects your dexterity (+7).
   rElec:     It insulates you from electricity.
   Regen:     It increases your rate of health regeneration.
 E - the +0 pair of boots "Icki" (worn) {+Blink Int+4 Slay+3}
   (Okawaru gifted it to you on level 11 of the Dungeon)

   Int:       It affects your intelligence (+4).
   Slay:      It affects your accuracy & damage with ranged weapons and melee
   (+3).
   +Blink:    It lets you blink.
 K - a +2 pair of gloves (worn)
 U - the +3 chain mail of the Moneychanger {rC+ Regen+ Dex-3}
   (You bought it in a shop on level 10 of the Dungeon)

   Dex:       It affects your dexterity (-3).
   rC:        It protects you from cold.
   Regen:     It increases your rate of health regeneration.
Jewellery
 e - an amulet of faith (around neck)
 p - a +6 ring of strength (left hand)
 x - an amulet of guardian spirit
 z - a ring of protection from cold
 J - a ring of resist corrosion
 S - a +4 ring of evasion (right hand)
Wands
 l - a wand of acid (7)
 y - a wand of mindburst (15)
 B - a wand of digging (4)
 C - a wand of iceblast (7)
 P - a wand of flame (15)
Scrolls
 u - 4 scrolls of teleportation
 H - 2 scrolls of magic mapping
 O - a scroll of silence
 Q - a scroll of blinking
Potions
 i - 7 potions of heal wounds
 j - a potion of haste
 k - 2 potions of flight
 m - 2 potions of magic
 q - a potion of attraction
 t - a potion of berserk rage
 w - a potion of lignification
 F - 3 potions of resistance
 W - a potion of cancellation
Miscellaneous
 b - a tin of tremorstones (2/2)


   Skills:
 + Level 8.1 Fighting
 + Level 13.0 Axes
 + Level 0.6(8.3) Maces & Flails
 + Level 2.6 Throwing
 + Level 6.4 Armour
 + Level 4.3 Dodging
 + Level 1.3 Stealth
 + Level 6.6 Shields
 * Level 12.0 Invocations
 * Level 7.5 Evocations


You had 12 spell levels left.
You didn't know any spells.
Your spell library contained the following spells:

 Spells                   Type           Power      Damage    Failure   Level
 Pain                     Necr           0%         1d4       100%        1
 Scorch                   Fire           0%         2d5       100%        2
 Static Discharge         Conj/Air       0%         N/A       100%        2
 Inner Flame              Hex/Fire       0%         N/A       100%        3
 Airstrike                Air            0%         N/A       100%        4
 Cause Fear               Hex            0%         N/A       100%        4
 Agony                    Necr           0%         N/A       100%        5
 Excruciating Wounds      Necr           0%         N/A       100%        5
 Freezing Cloud           Conj/Ice/Air   0%         6-21      100%        5
 Irradiate                Conj/Tmut      0%         3d13      100%        5
 Lightning Bolt           Conj/Air       0%         1d11      100%        5
 Orb of Destruction       Conj           0%         9d5       100%        7
 Discord                  Hex            0%         N/A       100%        8
 Ignition                 Fire           0%         3d3       100%        8
 Maxwell's Capacitive Co  Air            0%         ∞         100%        8
 Polar Vortex             Ice            0%         N/A       100%        9
 Summon Guardian Golem    Hex/Summ       Unusable   N/A       N/A         3
 Summon Lightning Spire   Summ/Air       Unusable   N/A       N/A         4
 Simulacrum               Ice/Necr       Unusable   N/A       N/A         6
 Spellforged Servitor     Conj/Summ      Unusable   N/A       N/A         7

Dungeon Overview and Level Annotations

Branches:
Dungeon (13/15)            Temple (0/1) D:6            Lair (1/6) D:11
    Orc (2/2) D:10            Elf (0/3) Orc:2       Ossuary (visited)
 Vaults: D:13-14

Altars:
Ashenzari
Cheibriados
Elyvilon
Fedhas
Gozag
Nemelex Xobeh
Okawaru
Ru
Sif Muna
Vehumet
Wu Jian
Xom

Shops:
D:4 *   D:10 [   Orc:1 !   Orc:2 =[!?

Annotations:
Orc:2 zazu2006's ghost, journeyman NaWz


Innate Abilities, Weirdness & Mutations

You may rarely emit foul miasma when damaged in melee.
You sometimes gain a little power by taking damage.
You are partially covered in razor-sharp scales. (AC +1, Slay +1)
Your presence sometimes corrodes those you injure.
Your touch may inflict irresistible damage on your foes.
You have a pair of small antennae on your head.
Your spells are a little harder to cast, but a little more powerful.
Potions are less effective at restoring your health.


Message History

Things that are here:
a +0 battleaxe; a +0 arbalest You open the gate.
The centaur warrior wields a +0 shortbow.
The centaur warrior shoots an arrow.
You block the arrow.
The centaur warrior wields a +0 longbow.
The centaur warrior shoots an arrow.
The arrow closely misses you.
The centaur warrior shoots an arrow.
You block the arrow.
The centaur warrior shoots an arrow.
The arrow hits you!
The centaur warrior shoots an arrow.
The arrow hits you but does no damage.
The centaur warrior shoots an arrow.
You block the arrow.
The centaur warrior shoots an arrow.
You block the arrow.
The centaur warrior shoots an arrow.
The arrow barely misses you.
There is a stone staircase leading up, spattered with blood here.
The centaur warrior shoots an arrow.
The arrow closely misses you.
The centaur warrior shoots an arrow.
The arrow hits you but does no damage.
The centaur warrior shoots an arrow.
The arrow hits you.
The centaur warrior shoots an arrow.
The arrow hits you!
The centaur warrior shoots an arrow.
The arrow hits you!
The centaur warrior shoots an arrow.
The arrow hits you.
The centaur warrior shoots an arrow.
The arrow barely misses you.
The centaur warrior shoots an arrow.
The arrow hits you!
The centaur warrior unwields a +0 longbow.
The centaur warrior barely misses you.
The centaur warrior kicks you but does no damage.
The centaur warrior shoots an arrow.
The arrow hits you but does no damage.
The centaur warrior shoots an arrow.
The arrow hits you!
You block the centaur warrior's attack. x2
The centaur warrior shoots an arrow.
The arrow hits you. The centaur warrior hits you.
You block the centaur warrior's attack.
You climb upwards.
There is a stone staircase leading down, spattered with blood here.
The centaur warrior wields a +0 longbow.
The centaur warrior shoots an arrow.
You block the arrow.
Items here: )) [ ÷.
The centaur warrior shoots an arrow.
You block the arrow.
The centaur warrior shoots an arrow.
The arrow hits you!!
* * * LOW HITPOINT WARNING * * *
The centaur warrior shoots an arrow.
The arrow hits you!!
You die...

##.##..........#......###
#............#.......#..##
##..................#....#
##..#.....................##
#....#.#..))c..............#
###........<>)..............#
##.....#....[)............#.##
#........................####
####.#.......).@.......##.##
##.##.....................#.##
#.................#..........#
##.......#.........#.#....#.##
.#..................###.#####
................#...#..####
.#..............##......#.##
...........................#
........#.....^.........#.##


You could see a centaur warrior.

Vanquished Creatures
  Snorg (D:11)
  A hydra (D:10)
  4 two-headed ogres
  A tengu warrior (D:12)
  A death knight (D:11)
  Sonja (D:10)
  A skeletal warrior (D:12)
  A deep elf pyromancer (D:12)
  A phantasmal warrior (D:11)
  3 orc knights
  An orc sorcerer (D:10)
  2 manticores
  2 cyclopes
  2 centaur zombies (D:13)
  Maurice (Orc:1)
  2 spectral centaurs (D:13)
  A gargoyle (D:10)
  2 centaur skeletons (D:13)
  An unseen horror (D:13)
  3 kobold demonologists
  A tengu conjurer (D:13)
  3 komodo dragons
  4 freezing wraiths
  5 trolls
  3 slime creatures
  A flying skull (D:12)
  Sigmund (D:3)
  A centaur simulacrum (D:13)
  7 wraiths
  2 wyverns
  Grum (D:7)
  2 vampires
  11 yaks
  3 vampire mosquitoes (D:11)
  An acid dragon (D:13)
  Duvessa (D:7)
  3 water moccasins
  30 orc warriors
  3 ice beasts
  A hornet zombie (D:8)
  3 wolves (D:8)
  4 ogres
  12 centaurs
  2 phantoms (D:10)
  3 elf zombies (Ossuary)
  5 kobold brigands
  7 necrophages
  4 bullfrogs
  2 gnoll sergeants
  4 scorpions
  5 wights (D:7)
  Dowan (D:7)
  2 troll zombies (D:10)
  3 howler monkeys
  2 hounds
  2 jellies
  13 orc priests
  3 iguanas
  25 orc wizards
  A killer bee zombie (D:8)
  6 ogre zombies (D:10)
  2 mummies (Ossuary)
  14 adders
  14 gnolls
  2 white imps
  2 ufetubi (D:5)
  4 worms
  7 dart slugs
  53 orcs
  6 bats
  An endoplasm (D:2)
  5 giant cockroaches
  9 hobgoblins
  3 jackals
  23 kobolds
  7 quokkas
  4 ball pythons
  5 frilled lizards
  5 goblins
  6 goblin zombies
  2 hobgoblin skeletons (D:10)
  14 hobgoblin zombies
  3 jackal zombies (Ossuary)
  7 kobold zombies (Ossuary)
  4 orc skeletons (D:10)
  21 orc zombies
  8 rats
  2 rat zombies (Ossuary)
  A bush (D:8)
459 creatures vanquished.

Vanquished Creatures (others)
  A centaur (Orc:2)
  A bush (D:8)
  42 plants
44 creatures vanquished.

Grand Total: 503 creatures vanquished

Notes
Turn   | Place    | Note
-------+----------+-------------------------------------------
     0 | D:1      | jlumianski the Demonspawn Gladiator began the quest for the
                  | Orb.
     0 | D:1      | Reached XP level 1. HP: 16/16 MP: 1/1
   108 | D:1      | Gained mutation: Your touch may inflict minor irresistible
                  | damage on your foes. [demonic ancestry]
   108 | D:1      | Reached XP level 2. HP: 10/22 MP: 2/2
   296 | D:1      | Reached skill level 3 in Axes
  1018 | D:2      | Reached XP level 3. HP: 27/27 MP: 3/3
  1491 | D:2      | Found a faded altar of an unknown god.
  1512 | D:2      | Found an iron altar of Okawaru.
  1534 | D:2      | Became a worshipper of Warmaster Okawaru
  1813 | D:2      | Gained mutation: You sometimes gain a little power by
                  | taking damage. [demonic ancestry]
  1813 | D:2      | Reached XP level 4. HP: 9/34 MP: 4/4
  2166 | D:2      | Reached skill level 1 in Armour
  2404 | D:3      | Reached XP level 5. HP: 31/39 MP: 5/5
  2575 | D:3      | Reached skill level 4 in Axes
  3079 | D:3      | Noticed Sigmund
  3098 | D:3      | Killed Sigmund
  3098 | D:3      | Reached * piety under Okawaru
  3099 | D:3      | Gained mutation: Your touch may inflict irresistible damage
                  | on your foes. [demonic ancestry]
  3099 | D:3      | Reached XP level 6. HP: 32/47 MP: 6/6
  3555 | D:3      | Reached skill level 1 in Stealth
  3935 | D:3      | Reached skill level 5 in Axes
  3941 | D:4      | Reached ** piety under Okawaru
  3942 | D:4      | Reached skill level 1 in Invocations
  4151 | D:4      | Found a sand-covered staircase.
  4171 | Ossuary  | Entered an ossuary
  4333 | Ossuary  | Gained mutation: You are partially covered in razor-sharp
                  | scales. (AC +1, Slay +1) [demonic ancestry]
  4333 | Ossuary  | Reached XP level 7. HP: 52/52 MP: 8/8
  4592 | D:4      | Reached skill level 6 in Axes
  4649 | D:4      | Found Gufi's Assorted Antiques.
  4656 | D:4      | Bought a faintly glowing kite shield for 247 gold pieces
  4656 | D:4      | Identified the +0 kite shield "Dyutoer" {rElec Regen+ Str-5
                  | Dex+7} (You bought it in a shop on level 4 of the Dungeon)
  5010 | D:4      | Reached *** piety under Okawaru
  5080 | D:4      | Found a broken altar of Ashenzari.
  5161 | D:4      | Reached XP level 8. HP: 44/60 MP: 9/11
  5490 | D:5      | Entered Level 5 of the Dungeon
  5628 | D:5      | Reached skill level 1 in Shields
  5641 | D:5      | Found an ornate altar of the Wu Jian Council.
  5769 | D:5      | Found a shimmering blue altar of Sif Muna.
  6275 | D:6      | Reached skill level 5 in Invocations
  6335 | D:6      | Reached skill level 7 in Axes
  6364 | D:6      | Reached **** piety under Okawaru
  6480 | D:6      | Found a staircase to the Ecumenical Temple.
  6542 | D:6      | Reached XP level 9. HP: 65/66 MP: 13/13
  6827 | D:6      | Found a snail-covered altar of Cheibriados.
  6876 | D:7      | Noticed Duvessa
  6876 | D:7      | Noticed Dowan
  6943 | D:7      | Reached skill level 8 in Axes
  7104 | D:7      | Reached skill level 5 in Fighting
  7246 | D:7      | Reached ***** piety under Okawaru
  7523 | D:7      | Killed Duvessa
  7527 | D:7      | Killed Dowan
  7528 | D:7      | Reached skill level 9 in Axes
  7739 | D:8      | Noticed Grum
  7754 | D:7      | Received a gift from Okawaru
  7792 | D:7      | Killed Grum
  7793 | D:7      | Gained mutation: You may rarely emit foul miasma when
                  | damaged in melee. [demonic ancestry]
  7793 | D:7      | Reached XP level 10. HP: 58/74 MP: 13/15
  7912 | D:8      | Received a gift from Okawaru
  8323 | D:8      | Found a blossoming altar of Fedhas.
  8442 | D:8      | Reached skill level 1 in Evocations
  8880 | D:9      | Received a gift from Okawaru
  8923 | D:9      | Found a radiant altar of Vehumet.
  9115 | D:9      | Reached skill level 10 in Axes
  9171 | D:10     | Entered Level 10 of the Dungeon
  9187 | D:10     | Found Zeituf's Antique Armour Boutique.
  9192 | D:10     | Bought a dazzling chain mail for 256 gold pieces
  9192 | D:10     | Identified the +3 chain mail of the Moneychanger {rC+
                  | Regen+ Dex-3} (You bought it in a shop on level 10 of the
                  | Dungeon)
  9205 | D:10     | Noticed a manticore
  9214 | D:10     | Killed a manticore
  9226 | D:10     | Noticed a gargoyle
  9235 | D:10     | Killed a gargoyle
  9291 | D:10     | Found a sacrificial altar of Ru.
  9305 | D:10     | Found a sparkling altar of Nemelex Xobeh.
  9361 | D:10     | Found a staircase to the Orcish Mines.
  9363 | D:10     | Noticed Sonja
  9389 | D:10     | Killed Sonja
  9547 | D:10     | Reached XP level 11. HP: 81/81 MP: 17/17
  9903 | D:10     | Gained mutation: You have very sharp teeth. [potion of
                  | mutation]
  9903 | D:10     | Gained mutation: You sometimes lose the ability to read
                  | scrolls when taking damage. [potion of mutation]
  9903 | D:10     | Gained mutation: You have a pair of small antennae on your
                  | head. [potion of mutation]
  9904 | D:10     | Lost mutation: You sometimes lose the ability to read
                  | scrolls when taking damage. [potion of mutation]
  9904 | D:10     | Lost mutation: You have very sharp teeth. [potion of
                  | mutation]
  9904 | D:10     | Gained mutation: Potions are less effective at restoring
                  | your health. [potion of mutation]
  9904 | D:10     | Gained mutation: Your spells are a little harder to cast,
                  | but a little more powerful. [potion of mutation]
  9957 | D:10     | Found an opulent altar of Gozag.
 10237 | D:11     | Identified the +0 robe of Nough {rF+ Dex+5}
 10328 | D:11     | Noticed a phantasmal warrior
 10328 | D:11     | Noticed a death knight
 10366 | D:11     | Killed a phantasmal warrior
 10366 | D:11     | Identified the +0 pair of boots "Icki" {+Blink Int+4
                  | Slay+3} (Okawaru gifted it to you on level 11 of the
                  | Dungeon)
 10366 | D:11     | Received a gift from Okawaru
 10507 | D:11     | Killed a death knight
 10508 | D:11     | Reached skill level 5 in Armour
 10508 | D:11     | Reached skill level 5 in Shields
 10599 | D:11     | Noticed a two-headed ogre
 10619 | D:11     | Killed a two-headed ogre
 10667 | D:11     | Reached skill level 11 in Axes
 10730 | D:11     | Noticed a seven-headed hydra
 10744 | D:10     | Killed a seven-headed hydra
 10918 | D:11     | Noticed Snorg
 10938 | D:11     | Killed Snorg
 11016 | D:11     | Received a gift from Okawaru
 11071 | D:11     | Found a shimmering altar of Xom.
 11133 | D:11     | Reached skill level 10 in Invocations
 11138 | D:11     | Received a gift from Okawaru
 11272 | D:11     | Reached skill level 5 in Evocations
 11333 | D:11     | Found a staircase to the Lair.
 11485 | Lair:1   | Entered Level 1 of the Lair of Beasts
 11665 | D:12     | Noticed a skeletal warrior
 11694 | D:12     | Killed a skeletal warrior
 11695 | D:12     | Reached XP level 12. HP: 68/91 MP: 16/19
 11698 | D:12     | Received a gift from Okawaru
 11732 | D:12     | Found the +5 scythe "Finisher" {speed, eviscerate}
 11849 | D:12     | Noticed a two-headed ogre
 11858 | D:12     | Killed a two-headed ogre
 11863 | D:12     | Reached ****** piety under Okawaru
 12204 | D:12     | Noticed a two-headed ogre
 12212 | D:12     | Killed a two-headed ogre
 12363 | D:12     | Reached skill level 12 in Axes
 12526 | D:13     | Noticed a tengu warrior
 12551 | D:12     | Killed a tengu warrior
 12551 | D:12     | Received a gift from Okawaru
 12678 | D:13     | Identified the +4 plate armour of Yhoixi {Will+ Str+2}
                  | (Okawaru gifted it to you on level 13 of the Dungeon)
 12678 | D:13     | Received a gift from Okawaru
 12701 | D:13     | Got the Grimoire of Mutagenic Heat
 12718 | D:13     | Noticed a two-headed ogre
 12732 | D:13     | Killed a two-headed ogre
 13056 | Orc:1    | Entered Level 1 of the Orcish Mines
 13056 | Orc:1    | Noticed Maurice
 13122 | Orc:1    | Killed Maurice
 13195 | Orc:1    | Found Roppon's Distillery.
 13267 | Orc:1    | Found a shimmering altar of Xom.
 13362 | Orc:2    | Entered Level 2 of the Orcish Mines
 13406 | Orc:2    | Found a runed translucent gate.
 13407 | Orc:2    | Found a runed translucent gate.
 13414 | Orc:2    | Found a staircase to the Elven Halls.
 13466 | Orc:2    | Noticed a minotaur
 13466 | Orc:2    | Noticed a centaur warrior
 13467 | Orc:2    | Noticed a centaur warrior
 13468 | Orc:2    | Noticed zazu2006's ghost (journeyman NaWz)
 13468 | Orc:2    | Noticed a naga warrior
 13502 | Orc:2    | Gained mutation: Your presence sometimes corrodes those you
                  | injure. [demonic ancestry]
 13502 | Orc:2    | Reached XP level 13. HP: 91/98 MP: 21/21
 13511 | Orc:2    | Found a runed translucent gate.
 13522 | Orc:2    | Found an iron altar of Okawaru.
 13570 | Orc:2    | Received a gift from Okawaru
 13666 | Orc:2    | Reached skill level 13 in Axes
 14168 | Orc:2    | Found Apoutz's Antique Armour Boutique.
 14168 | Orc:2    | Found Kakkaemm's Distillery.
 14170 | Orc:2    | Found Porghaira's Magic Scroll Shoppe.
 14172 | Orc:2    | Found Ahutaoma's Jewellery Shop.
 14177 | Orc:2    | Bought a potion of heal wounds for 65 gold pieces
 14179 | Orc:2    | Bought a scroll of acquirement for 572 gold pieces
 14179 | Orc:2    | Bought a scroll of enchant weapon for 82 gold pieces
 14190 | Orc:2    | Acquired the +1 buckler "Yddas" {Dex+3}
 14431 | Orc:1    | Shot with an arrow by a centaur warrior

Illustrated notes

Levels and vault maps discovered:
D:1:      eino_arrival_cavern_c, layout_rooms,
          nicolae_concentric_dashed_squares_mild, wad_floor_pattern_1,
          solitary_fountain, amcnicky_mini_pool_small, minmay_misc_feat_rows,
          grunt_decor_resistance
D:2:      minmay_inner_zag, layout_basic, basic_ecumenical_altar, basic_altar,
          grunt_decor_one_mirror
D:3:      minmay_thinvault, layout_loops_cross, corexii_leaking_fountain,
          minmay_between, uniq_sigmund
D:4:      layout_basic, mainiacjoe_overflow_24_doors, serial_shops,
          nicolae_shop_advertising_works [nicolae_subvault_shop_adworks],
          enter_ossuary_1, minmay_misc_feat_alley, minivault_25
D:5:      layout_basic, lemuel_tele_altar, nicolae_overflow_crystal_walls
D:6:      layout_rooms, general_overflow_altar, minmay_temple_entry_water_ring
D:7:      layout_cave_pods, glass_columns_a, minmay_tree_intersection,
          uniq_duvessa
D:8:      layout_rooms, fedhas_altar_decomposition, uniq_grum
D:9:      layout_grid_maze, mainiacjoe_overflow_paths
D:10:     layout_loops_cross, gammafunk_temple_overflow_forgotten,
          kennysheep_mini, zombieorc2_lemuel, serial_shops,
          nicolae_shop_hallway_stairs, uniq_sonja
D:11:     layout_irregular_city, david_lair_shrubbed, tgw_xom, uniq_snorg
D:12:     layout_roguey, minmay_guarded_unrand_finisher
D:13:     lemuel_vampire_tower, layout_stronghold, grunt_vaults_entry_tiered,
          chequers_hall_statues_y
Lair:1:   layout_regular_city, gammafunk_ghost_berserking_beasts
Orc:1:    layout_caves, basic_altar, serial_shops, nicolae_shop_trees,
          uniq_urug, uniq_maurice
Orc:2:    st_orc_rangers, layout_caves, gammafunk_ghost_fury_of_okawaru

Skill      XL: |  1  2  3  4  5  6  7  8  9 10 11 12 13 |
---------------+----------------------------------------+-----
Throwing       | 2 |  2.6
Axes           | 3 4 5 6 7 9 10 11 12 13 | 13.0
Dodging        | 3 4 |  4.3
Armour         | 1 2 3 4 5 6 |  6.4
Fighting       | 3 4 5 6 7 8 |  8.1
Stealth        | 1 |  1.3
Invocations    | 1 4 5 7 8 10 11 12 | 12.0
Shields        | 2 3 4 5 6 |  6.6
Evocations     | 3 5 7 |  7.5
Maces & Flails | |  0.6

Action                   |  1- 3 |  4- 6 |  7- 9 | 10-12 | 13-15 || total
-------------------------+-------+-------+-------+-------+-------++-------
Melee: War axe           |   102 |   186 |   366 |   448 |       ||  1102
       Touch             |     7 |    32 |     5 |       |       ||    44
       Punch             |     1 |     1 |       |       |       ||     2
       Broad axe         |       |       |       |   236 |    66 ||   302
       Mace              |       |       |       |     8 |       ||     8
Throw: Boomerang         |     3 |     2 |    11 |     8 |       ||    24
       Throwing net      |       |     1 |       |       |       ||     1
Invok: Heroism           |       |       |     9 |    10 |     1 ||    20
       Finesse           |       |       |       |     2 |       ||     2
 Abil: Evoke Blink       |       |       |       |     1 |       ||     1
Evoke: Wand              |       |       |       |     2 |       ||     2
  Use: Scroll            |       |     6 |    13 |     6 |     2 ||    27
       Potion            |       |       |     3 |     3 |     1 ||     7
 Stab: Held in net/web   |       |     1 |       |       |       ||     1
Armor: Leather armour    |    25 |       |       |       |       ||    25
       Scale mail        |    19 |     3 |       |       |       ||    22
       Chain mail        |       |   113 |    22 |   252 |       ||   387
       Plate armour      |       |       |   211 |   172 |    77 ||   460
Dodge: Dodged            |    74 |   107 |   107 |   348 |    64 ||   700
Block: Kite shield       |       |       |   198 |   440 |    89 ||   727

Table legend: (Time is in decaauts)
 A = Elapsed time spent in this place.
 B = Non-inter-level travel time spent in this place.
 C = Inter-level travel time spent in this place.
 D = Time resting spent in this place.
 E = Time spent auto-exploring this place.
 F = Levels seen in this place.
 G = Mean time per level.
                   A        B        C        D        E       F      G
               +--------+--------+--------+--------+--------+-----+--------+
         Total |  14798 |  14261 |    537 |    988 |   7893 |  17 |  870.5 |
       Dungeon |  13140 |  12606 |    534 |    913 |   7205 |  13 | 1010.8 |
          Lair |      8 |      6 |      2 |      0 |      0 |   1 |    8.0 |
  Orcish Mines |   1347 |   1347 |      0 |     75 |    688 |   2 |  673.5 |
       Ossuary |    302 |    302 |      0 |      0 |      0 |   1 |  302.0 |
               +--------+--------+--------+--------+--------+-----+--------+

Top non-repeatable levels by time:
     D:3: 1632 daAuts
     D:2: 1345 daAuts
    D:10: 1329 daAuts
     D:4: 1320 daAuts
    D:11: 1177 daAuts
    D:12: 1041 daAuts
     D:1: 1019 daAuts
     D:7: 942 daAuts
   Orc:2: 926 daAuts
     D:5: 807 daAuts
     D:9: 760 daAuts
     D:8: 701 daAuts
     D:6: 642 daAuts
   Orc:1: 421 daAuts
    D:13: 420 daAuts
